| TOP OF THE 1ST |
|
Birmingham Barons batting - Pitching for Erie SeaWolves : RHP Jerome Stady
|
|
Pitching: RHP Jerome Stady
|
|
|
Batting: LHB Dalton Silveira
|
0-0: Fly out, F8 (Flyball, 8LD, EV 92.5 MPH)
|
|
Batting: SHB Veit Geisler
|
0-0: Ball 1-0: Ball 2-0: Ball 3-0: Called Strike 3-1: Base on Balls
|
|
Batting: SHB Ruben Velasco Jr.
|
0-0: Ball 1-0: Swinging Strike 1-1: Ball 2-1: Ball Veit Geisler steals 2nd base 3-1: Fly out, F7 (Flyball, 7, EV 94.4 MPH)
|
|
Batting: RHB Vic Lucatero
|
0-0: Called Strike 0-1: Ball 1-1: Ball 2-1: Ball 3-1: SINGLE (Groundball, 4MD, EV 96.2 MPH) Veit Geisler to third Runner from 3rd tries for Home, SAFE, throw by CF to home Vic Lucatero to second
|
|
Batting: RHB Ron Johansen
|
0-0: Foul Ball, location: 2F 0-1: Ball 1-1: Ball 2-1: Swinging Strike 2-2: Strikes out looking
|
| Top of the 1st over - 1 run, 1 hit, 0 errors, 1 left on base; Birmingham 1 - Erie 0 |
| BOTTOM OF THE 1ST |
|
Erie SeaWolves batting - Pitching for Birmingham Barons : LHP Chris Morales
|
|
Pitching: LHP Chris Morales
|
|
|
Batting: RHB Brandon O'Malley
|
0-0: Called Strike 0-1: Fly out, F7 (Flyball, 7, EV 91.9 MPH)
|
|
Batting: RHB Norm Wood
|
0-0: Ball 1-0: Swinging Strike 1-1: Called Strike 1-2: Fly out, F7 (Flyball, 78S, EV 93.1 MPH)
|
|
Batting: RHB Joel Miller
|
0-0: Ball 1-0: Ball 2-0: Foul Ball, location: 2F 2-1: Foul Ball, location: 2F 2-2: Foul Ball, location: 2F 2-2: Ball 3-2: Foul Ball, location: 2F 3-2: Base on Balls
|
|
Batting: RHB Benny O'Connor
|
0-0: Ball 1-0: Ball 2-0: Ball 3-0: Called Strike 3-1: Foul Ball, location: 2F 3-2: 2-RUN HOME RUN (Flyball, 7D, EV 98.8 MPH), Distance : 374 ft
|
|
Batting: SHB Willie Medina
|
0-0: Ball 1-0: Foul Ball, location: 2F 1-1: Ground out 3-1 (Groundball, 34, EV 81.9 MPH)
|
| Bottom of the 1st over - 2 runs, 1 hit, 0 errors, 0 left on base; Birmingham 1 - Erie 2 |
| TOP OF THE 2ND |
|
Birmingham Barons batting - Pitching for Erie SeaWolves : RHP Jerome Stady
|
|
Batting: LHB Herkko Haavikko
|
0-0: Ball 1-0: Ball 2-0: Swinging Strike 2-1: DOUBLE (Flyball, 78XD, EV 106.9 MPH)
|
|
Batting: RHB Trevor Conklin
|
0-0: Ball 1-0: Ball 2-0: Fly out, F7 (Flyball, 7S, EV 88.1 MPH)
|
|
Batting: RHB Jose Medina
|
0-0: Called Strike 0-1: Called Strike 0-2: Ball 1-2: Ball 2-2: Ground out 5-3 (Groundball, 56, EV 96.9 MPH)
|
|
Batting: SHB Matt Childers
|
0-0: Ball 1-0: Ball 2-0: Fly out, F8 (Flyball, 8LD, EV 95.6 MPH)
|
| Top of the 2nd over - 0 runs, 1 hit, 0 errors, 1 left on base; Birmingham 1 - Erie 2 |
| BOTTOM OF THE 2ND |
|
Erie SeaWolves batting - Pitching for Birmingham Barons : LHP Chris Morales
|
|
Batting: RHB German Quiroga
|
0-0: Ball 1-0: Called Strike 1-1: SINGLE (Line Drive, 5D, EV 103.1 MPH)
|
|
Batting: LHB Afanasy Zasekin
|
0-0: Fielders Choice at 2nd, 4-6 (Groundball, 4, EV 85.0 MPH)
|
|
Batting: RHB J.J. Basil
|
0-0: Grounds into double play, 3-6-1 (Groundball, 23, EV 89.4 MPH)
|
| Bottom of the 2nd over - 0 runs, 1 hit, 0 errors, 0 left on base; Birmingham 1 - Erie 2 |
| TOP OF THE 3RD |
|
Birmingham Barons batting - Pitching for Erie SeaWolves : RHP Jerome Stady
|
|
Batting: LHB Dalton Silveira
|
0-0: Ball 1-0: Fly out, F5 (Popup, 25F, EV 92.5 MPH)
|
|
Batting: SHB Veit Geisler
|
0-0: Called Strike 0-1: Ground out 4-3 (Groundball, 4, EV 86.9 MPH)
|
|
Batting: SHB Ruben Velasco Jr.
|
0-0: Ball 1-0: Ball 2-0: Ball 3-0: Base on Balls
|
|
Batting: RHB Vic Lucatero
|
0-0: Called Strike 0-1: Ball 1-1: Ball 2-1: Ball 3-1: Called Strike 3-2: Base on Balls Ruben Velasco Jr. to second
|
|
Batting: RHB Ron Johansen
|
0-0: Ball 1-0: Foul Ball, location: 2F 1-1: Foul Ball, location: 2F 1-2: Foul Ball, location: 2F 1-2: Foul Ball, location: 2F 1-2: Strikes out looking
|
| Top of the 3rd over - 0 runs, 0 hits, 0 errors, 2 left on base; Birmingham 1 - Erie 2 |
| BOTTOM OF THE 3RD |
|
Erie SeaWolves batting - Pitching for Birmingham Barons : LHP Chris Morales
|
|
Batting: RHB Keith Hoffman
|
0-0: Called Strike 0-1: Foul Ball, location: 2F 0-2: Foul Ball, location: 2F 0-2: Foul Ball, location: 2F 0-2: Ball 1-2: Foul Ball, location: 2F 1-2: Ground out U3 (Groundball, 34S, EV 84.4 MPH)
|
|
Batting: RHB Brandon O'Malley
|
0-0: Called Strike 0-1: Called Strike 0-2: Strikes out looking
|
|
Batting: RHB Norm Wood
|
0-0: Ball 1-0: Ground out 3-1 (Groundball, 34, EV 91.9 MPH)
|
| Bottom of the 3rd over - 0 runs, 0 hits, 0 errors, 0 left on base; Birmingham 1 - Erie 2 |
| TOP OF THE 4TH |
|
Birmingham Barons batting - Pitching for Erie SeaWolves : RHP Jerome Stady
|
|
Batting: LHB Herkko Haavikko
|
0-0: Ball 1-0: Called Strike 1-1: Swinging Strike 1-2: Foul Ball, location: 2F 1-2: Fly out, F9 (Flyball, 89D, EV 102.5 MPH)
|
|
Batting: RHB Trevor Conklin
|
0-0: Ball 1-0: Called Strike 1-1: Foul Ball, location: 2F 1-2: Ground out 5-3 (Groundball, 5S, EV 63.8 MPH)
|
|
Batting: RHB Jose Medina
|
0-0: Ground out 1-3 (Groundball, 13, EV 63.8 MPH)
|
| Top of the 4th over - 0 runs, 0 hits, 0 errors, 0 left on base; Birmingham 1 - Erie 2 |
| BOTTOM OF THE 4TH |
|
Erie SeaWolves batting - Pitching for Birmingham Barons : LHP Chris Morales
|
|
Batting: RHB Joel Miller
|
0-0: Foul Ball, location: 2F 0-1: Foul Ball, location: 2F 0-2: Fly out, F8 (Flyball, 8LD, EV 93.1 MPH)
|
|
Batting: RHB Benny O'Connor
|
0-0: Foul Ball, location: 2F 0-1: Foul Ball, location: 2F 0-2: Ball 1-2: Ground out 5-3 (Groundball, 56, EV 88.1 MPH)
|
|
Batting: SHB Willie Medina
|
0-0: Called Strike 0-1: Ball 1-1: Ball 2-1: Swinging Strike 2-2: Ball 3-2: Strikes out swinging
|
| Bottom of the 4th over - 0 runs, 0 hits, 0 errors, 0 left on base; Birmingham 1 - Erie 2 |
| TOP OF THE 5TH |
|
Birmingham Barons batting - Pitching for Erie SeaWolves : RHP Jerome Stady
|
|
Batting: SHB Matt Childers
|
0-0: Called Strike 0-1: Called Strike 0-2: Strikes out swinging, 2-3 out at first.
|
|
Batting: LHB Dalton Silveira
|
0-0: Ball 1-0: Ball 2-0: Foul Ball, location: 2F 2-1: Fly out, F8 (Flyball, 8LS, EV 81.2 MPH)
|
|
Batting: SHB Veit Geisler
|
0-0: Ball 1-0: Foul Ball, location: 2F 1-1: Called Strike 1-2: Ball 2-2: Foul Ball, location: 2F 2-2: TRIPLE (Flyball, 9LD, EV 100.6 MPH)
|
|
Batting: SHB Ruben Velasco Jr.
|
0-0: Called Strike 0-1: Ball 1-1: Ground out 4-3 (Groundball, 4, EV 110.6 MPH)
|
| Top of the 5th over - 0 runs, 1 hit, 0 errors, 1 left on base; Birmingham 1 - Erie 2 |
| BOTTOM OF THE 5TH |
|
Erie SeaWolves batting - Pitching for Birmingham Barons : LHP Chris Morales
|
|
Batting: RHB German Quiroga
|
0-0: Ball 1-0: Called Strike 1-1: Foul Ball, location: 2F 1-2: Ball 2-2: SINGLE (Groundball, P, EV 80.6 MPH) (infield hit)
|
|
Batting: LHB Afanasy Zasekin
|
0-0: Fly out, F7 (Flyball, 7S, EV 81.9 MPH)
|
|
Batting: RHB J.J. Basil
|
0-0: Foul Ball, location: 2F 0-1: Hit by Pitch German Quiroga to second
|
|
Batting: RHB Keith Hoffman
|
0-0: Called Strike 0-1: Ball 1-1: Fielders Choice at 2nd, 4-6 (Groundball, 4, EV 83.1 MPH) German Quiroga to third
|
|
Batting: RHB Brandon O'Malley
|
0-0: Fielders Choice at 2nd, 6-4 (Groundball, 56, EV 104.4 MPH)
|
| Bottom of the 5th over - 0 runs, 1 hit, 0 errors, 2 left on base; Birmingham 1 - Erie 2 |
| TOP OF THE 6TH |
|
Birmingham Barons batting - Pitching for Erie SeaWolves : RHP Jerome Stady
|
|
Batting: RHB Vic Lucatero
|
0-0: Called Strike 0-1: Swinging Strike 0-2: Ball 1-2: Ground out U3 (Groundball, 3S, EV 86.9 MPH)
|
|
Batting: RHB Ron Johansen
|
0-0: Called Strike 0-1: Ball 1-1: Swinging Strike 1-2: Strikes out looking
|
|
Batting: LHB Herkko Haavikko
|
0-0: Foul Ball, location: 2F 0-1: Ball 1-1: Called Strike 1-2: Strikes out looking
|
| Top of the 6th over - 0 runs, 0 hits, 0 errors, 0 left on base; Birmingham 1 - Erie 2 |
| BOTTOM OF THE 6TH |
|
Erie SeaWolves batting - Pitching for Birmingham Barons : LHP Chris Morales
|
|
Batting: RHB Norm Wood
|
0-0: Ground out 6-3 (Groundball, 6, EV 90.6 MPH)
|
|
Batting: RHB Joel Miller
|
0-0: Ball 1-0: Swinging Strike 1-1: Foul Ball, location: 2F 1-2: SOLO HOME RUN (Flyball, 9D, EV 95.6 MPH), Distance : 380 ft
|
|
Batting: RHB Benny O'Connor
|
0-0: Ball 1-0: Ball 2-0: Ball 3-0: Base on Balls
|
|
Batting: SHB Willie Medina
|
0-0: Foul Ball, location: 2F 0-1: Fielders Choice at 2nd, 4-6 (Groundball, 4, EV 99.4 MPH)
|
|
Batting: RHB German Quiroga
|
0-0: Ball 1-0: Ball 2-0: Ball 3-0: DOUBLE (Line Drive, 5D, EV 97.5 MPH) Willie Medina to third Runner from 3rd tries for Home, throw by LF and OUT! 7-6-2
|
| Bottom of the 6th over - 1 run, 2 hits, 0 errors, 1 left on base; Birmingham 1 - Erie 3 |
| TOP OF THE 7TH |
|
Birmingham Barons batting - Pitching for Erie SeaWolves : RHP Jerome Stady
|
|
Batting: RHB Trevor Conklin
|
0-0: Called Strike 0-1: Ball 1-1: Swinging Strike 1-2: Strikes out swinging
|
|
Batting: RHB Jose Medina
|
0-0: Ball 1-0: Ball 2-0: Foul Ball, location: 2F 2-1: SOLO HOME RUN (Flyball, 7LD, EV 95.6 MPH), Distance : 362 ft
|
|
Batting: SHB Matt Childers
|
0-0: Ball 1-0: Called Strike 1-1: Ball 2-1: Called Strike 2-2: Ground out 6-3 (Groundball, 6MD, EV 106.9 MPH)
|
|
Batting: LHB Dalton Silveira
|
0-0: Ball 1-0: Called Strike 1-1: SINGLE (Groundball, 34S, EV 73.1 MPH) (infield hit)
|
|
Pitching: RHP Dale Gilbert
|
|
|
Batting: SHB Veit Geisler
|
0-0: Called Strike Dalton Silveira steals 2nd base 0-1: Ball 1-1: Ball Passed Ball! Dalton Silveira to third 2-1: Ball 3-1: Foul Ball, location: 2F 3-2: Foul Ball, location: 2F 3-2: Base on Balls
|
|
Batting: SHB Ruben Velasco Jr.
|
0-0: Called Strike Balk! Dalton Silveira scores Veit Geisler to second 0-1: Ball 1-1: Ball 2-1: Swinging Strike 2-2: Ball 3-2: Base on Balls
|
|
Pinch Hitting: LHB Jason Bell
|
0-0: DOUBLE (Groundball, 5L, EV 102.5 MPH) Veit Geisler scores Ruben Velasco Jr. to third Runner from 3rd tries for Home, SAFE, throw by LF to trailing runner, SAFE at third!
|
|
Batting: LHB Joe Kirkland
|
0-0: Ball 1-0: Foul Ball, location: 2F 1-1: Ball 2-1: Foul Ball, location: 2F 2-2: Foul Ball, location: 2F 2-2: Ball 3-2: Fly out, F8 (Flyball, 8RXD, EV 91.9 MPH)
|
| Top of the 7th over - 4 runs, 3 hits, 0 errors, 1 left on base; Birmingham 5 - Erie 3 |
| BOTTOM OF THE 7TH |
|
Erie SeaWolves batting - Pitching for Birmingham Barons : LHP Chris Morales
|
|
Now in LF: Herkko Haavikko
|
|
|
Now in CF: Ruben Velasco Jr.
|
|
|
Now in RF: Larry Myers
|
|
|
Batting: LHB Afanasy Zasekin
|
0-0: SINGLE (Line Drive, 8LS, EV 86.2 MPH)
|
|
Batting: RHB J.J. Basil
|
0-0: Bunted foul 0-1: Sac Bunt to 2L - play at first, batter OUT! 2-3 Afanasy Zasekin to second
|
|
Batting: RHB Keith Hoffman
|
0-0: Called Strike 0-1: Called Strike 0-2: Ball 1-2: Foul Ball, location: 2F 1-2: Fly out, F9 (Flyball, 9, EV 93.1 MPH)
|
|
Batting: RHB Brandon O'Malley
|
0-0: Swinging Strike 0-1: Ball 1-1: Ball 2-1: Ball 3-1: Base on Balls
|
|
Batting: RHB Norm Wood
|
0-0: Called Strike 0-1: Ball 1-1: Swinging Strike 1-2: Fly out, F9 (Flyball, 9LM, EV 98.1 MPH)
|
| Bottom of the 7th over - 0 runs, 1 hit, 0 errors, 2 left on base; Birmingham 5 - Erie 3 |
| TOP OF THE 8TH |
|
Birmingham Barons batting - Pitching for Erie SeaWolves : RHP Dale Gilbert
|
|
Pitching: RHP Eddie Hodgson
|
|
|
Batting: LHB Herkko Haavikko
|
0-0: Swinging Strike 0-1: SINGLE (Line Drive, 8RS, EV 100.6 MPH)
|
|
Batting: RHB Trevor Conklin
|
0-0: Called Strike 0-1: Foul Ball, location: 2F 0-2: Strikes out swinging
|
|
Batting: RHB Jose Medina
|
0-0: Ball 1-0: Called Strike 1-1: Ball 2-1: Ball 3-1: Base on Balls Herkko Haavikko to second
|
|
Batting: SHB Matt Childers
|
0-0: Ball 1-0: Ball 2-0: Called Strike 2-1: Swinging Strike 2-2: Ball 3-2: Foul Ball, location: 2F 3-2: Grounds into double play, 4-6-3 (Groundball, 4, EV 86.9 MPH)
|
| Top of the 8th over - 0 runs, 1 hit, 0 errors, 1 left on base; Birmingham 5 - Erie 3 |
| BOTTOM OF THE 8TH |
|
Erie SeaWolves batting - Pitching for Birmingham Barons : LHP Chris Morales
|
|
Pitching: RHP Jose Vigil
|
|
|
Batting: RHB Joel Miller
|
0-0: Called Strike 0-1: Swinging Strike 0-2: SINGLE (Groundball, 56D, EV 98.8 MPH)
|
|
Batting: RHB Benny O'Connor
|
0-0: Ball 1-0: Swinging Strike 1-1: Ball 2-1: Ball 3-1: Base on Balls Joel Miller to second
|
|
Batting: SHB Willie Medina
|
0-0: Called Strike 0-1: Swinging Strike 0-2: Ball 1-2: Ball 2-2: Strikes out swinging
|
|
Batting: RHB German Quiroga
|
0-0: Called Strike 0-1: Foul Ball, location: 2F 0-2: Ball 1-2: Strikes out looking
|
|
Pitching: LHP Miguel Moreno
|
|
|
Pinch Hitting: RHB Jon Goldstein
|
0-0: Swinging Strike 0-1: Foul Ball, location: 2F 0-2: Strikes out looking
|
| Bottom of the 8th over - 0 runs, 1 hit, 0 errors, 2 left on base; Birmingham 5 - Erie 3 |
| TOP OF THE 9TH |
|
Birmingham Barons batting - Pitching for Erie SeaWolves : RHP Eddie Hodgson
|
|
Pitching: RHP Jared Barger
|
|
|
Now in RF: Jon Goldstein
|
|
|
Batting: LHB Dalton Silveira
|
0-0: Foul Ball, location: 2F 0-1: Fly out, F8 (Flyball, 8RD, EV 94.4 MPH)
|
|
Batting: SHB Veit Geisler
|
0-0: Ball 1-0: Ball 2-0: Ball 3-0: DOUBLE (Line Drive, 5D, EV 99.4 MPH)
|
|
Batting: SHB Ruben Velasco Jr.
|
0-0: Intentional Walk
|
|
Batting: LHB Larry Myers
|
0-0: Called Strike 0-1: Foul Ball, location: 2F 0-2: Ball 1-2: Ball 2-2: Ball 3-2: Strikes out looking
|
|
Batting: LHB Joe Kirkland
|
0-0: Ball 1-0: Ball 2-0: Fly out, F7 (Flyball, 7, EV 85.6 MPH)
|
| Top of the 9th over - 0 runs, 1 hit, 0 errors, 2 left on base; Birmingham 5 - Erie 3 |
| BOTTOM OF THE 9TH |
|
Erie SeaWolves batting - Pitching for Birmingham Barons : LHP Miguel Moreno
|
|
Batting: RHB J.J. Basil
|
0-0: Called Strike 0-1: Swinging Strike 0-2: Ground out 4-3 (Groundball, 4, EV 99.4 MPH)
|
|
Batting: RHB Keith Hoffman
|
0-0: Fly out, F6 (Popup, 6MD, EV 46.9 MPH)
|
|
Batting: RHB Brandon O'Malley
|
0-0: Ground out 4-3 (Groundball, 4, EV 81.2 MPH)
|
| Bottom of the 9th over - 0 runs, 0 hits, 0 errors, 0 left on base; Birmingham 5 - Erie 3 |
|